 Dungeon Crawl Stone Soup version 0.31.0-9-g3a7656b989 (webtiles) character file.

Game seed: 225183929426802743

93 qw the Shooter (level 4, -2/22 HPs)
             Began as a Spriggan Hunter on Feb 2, 2024.
             Slain by Grinder (6 damage)
             ... while paralysed by Grinder
             ... on level 3 of the Dungeon.
             The game lasted 00:00:05 (1360 turns).

qw the Shooter (Spriggan Hunter)                    Turns: 1360, Time: 00:00:06

Health: -2/22      AC:  2    Str:  7    XL:     4   Next: 37%
Magic:  5/5        EV:  4    Int: 10    God:
Gold:   92         SH:  0    Dex: 20    Spells: 3/3 levels left

rFire   . . .        a - +0 shortbow (freeze)
rCold   . . .        (shield currently unavailable)
rNeg    . . .        c - +0 robe
rPois   .            (helmet restricted)
rElec   .            (no cloak)
rCorr   .            (gloves unavailable)
SInv    +            (boots unavailable)
Will    .....        (no amulet)
Stlth   ++           (no ring)
HPRegen 0.23/turn    (no ring)
MPRegen 0.09/turn

%: no passive effects
@: paralysed, very quick
A: very small, no large weapons, unfitting armour, see invisible, speed 3
a: no special abilities


You were on level 3 of the Dungeon.
You visited 1 branch of the dungeon, and saw 3 of its levels.

You collected 92 gold pieces.


Innate Abilities, Weirdness & Mutations

You are very small and have problems with some larger weapons.
You are too small for most types of armour.
You have supernaturally acute eyesight. (SInv)
You cover ground extremely quickly. (Speed+++)


   Skills:
 - Level 1.5 Fighting
 - Level 5.0 Ranged Weapons
 + Level 4.9 Dodging
 - Level 1.5 Stealth


You had 3 spell levels left.
You didn't know any spells.
Your spell library was empty.

Inventory:

Hand Weapons
 a - a +0 shortbow of freezing (weapon)
Armour
 c - a +0 robe (worn)
Potions
 f - a potion of cancellation
 h - a potion of mutation
 j - 2 potions of curing

Dungeon Overview and Level Annotations

Branches:
Dungeon (3/15)

Altars:
Uskayaw

Annotations:
D:3 Grinder


Message History

Grinder is heavily wounded.
Grinder gestures at you. You resist with some effort.
You shoot an arrow.
The arrow hits Grinder but does no damage.
Grinder is heavily wounded.
Grinder barely misses you.
You shoot an arrow. The arrow closely misses Grinder.
Grinder misses you.
You shoot an arrow. The arrow closely misses Grinder.
Grinder gestures at you. Pain shoots through your body!
You shoot an arrow. The arrow hits Grinder!
Grinder is severely wounded.
Grinder completely misses you.
You shoot an arrow. The arrow barely misses Grinder.
Grinder blinks!
You start resting.
Grinder is nearby!
You shoot an arrow. The arrow hits Grinder!
Grinder is almost dead.
You shoot an arrow.
The arrow hits Grinder but does no damage.
Grinder is almost dead.
Grinder misses you. Grinder gestures at you. Pain shoots through your body!
You shoot an arrow.
The arrow hits Grinder but does no damage.
Grinder is almost dead.
Grinder hits you.
You writhe in agony.
You shoot an arrow. The arrow hits Grinder.
Grinder is almost dead.
Grinder misses you.
You shoot an arrow. The arrow closely misses Grinder.
Grinder gestures at you.
You suddenly lose the ability to move!
Grinder hits you.
You die...
Grinder says, "Now the real fun starts!"

#.# #.# ..
#.# ..##
#.####
##....
#.<..# #....
####.# ....
#.# ..#
#.###..##...
#..@5)......
#####.......
>##.#.# ..
.. ##. # .!
.. ..#


You could see Grinder.

Vanquished Creatures
  A gnoll (D:1)
  An adder (D:3)
  A dart slug (D:2)
  3 ribbon worms (D:2)
  3 orcs (D:3)
  4 endoplasms
  6 giant cockroaches
  5 goblins
  6 hobgoblins
  2 quokkas (D:1)
  3 ball pythons
  6 bats
  2 frilled lizards
  12 kobolds
  5 rats (D:2)
60 creatures vanquished.

Notes
Turn   | Place    | Note
-------+----------+-------------------------------------------
     0 | D:1      | qw the Spriggan Hunter began the quest for the Orb.
     0 | D:1      | Reached XP level 1. HP: 10/10 MP: 2/2
     0 | D:1      | 0 ||| qw: Version: 0.3-a-155-g5e7d8dd
     0 | D:1      | 0 ||| qw: Game counter: 1688
     0 | D:1      | 0 ||| qw: Melee chars always use a shield: true
     0 | D:1      | 0 ||| qw: God list: Okawaru
     0 | D:1      | 0 ||| qw: Allow faded altars: false
     0 | D:1      | 0 ||| qw: Do Orc after clearing Dungeon:15 true
     0 | D:1      | 0 ||| qw: Do second Lair branch before Depths: true
     0 | D:1      | 0 ||| qw: Lair rune preference: random
     0 | D:1      | 0 ||| qw: Goals: Normal
     0 | D:1      | 0 ||| PLANNING D:1-11
    17 | D:1      | Reached skill level 3 in Dodging
   144 | D:1      | Reached XP level 2. HP: 7/14 MP: 3/3
   287 | D:1      | Reached XP level 3. HP: 18/18 MP: 4/4
   478 | D:1      | Found a faded altar of an unknown god.
   581 | D:1      | 581 ||| READING scroll labelled JIUMUG TETEI.
   582 | D:1      | 582 ||| READING 3 scrolls labelled NIYNAJ GYRHEDD.
   582 | D:1      | 582 ||| IDENTIFYING blue potion
   583 | D:1      | 583 ||| READING 2 scrolls of identify.
   583 | D:1      | 583 ||| IDENTIFYING sedimented green potion
   584 | D:1      | 584 ||| READING scroll of identify.
   584 | D:1      | 584 ||| IDENTIFYING red potion
   585 | D:1      | 585 ||| READING scroll labelled HOLEYM ZUUZOLEO.
   585 | D:1      | 585 ||| BRANDING +0 shortbow.
   586 | D:1      | 586 ||| READING scroll labelled LEAWUMP UVVOG.
   587 | D:1      | 587 ||| DROPPING scroll of butterflies.
   588 | D:1      | 588 ||| DROPPING potion of ambrosia.
   722 | D:2      | Found a hide-covered altar of Uskayaw.
   851 | D:2      | 851 ||| FLEEEEING.
   906 | D:2      | Reached skill level 5 in Ranged Weapons
  1042 | D:2      | Reached XP level 4. HP: 22/22 MP: 5/5
  1195 | D:2      | 1195 ||| READING scroll of identify.
  1195 | D:2      | 1195 ||| IDENTIFYING puce potion
  1196 | D:2      | 1196 ||| READING 2 scrolls labelled CYNAXA ITTALIE.
  1297 | D:2      | 1297 ||| READING scroll labelled SIODUYPT SAISO.
  1298 | D:2      | 1298 ||| READING scroll labelled YKEXUAFEOC.
  1299 | D:2      | 1299 ||| DRINKING 2 ruby potions.
  1300 | D:2      | 1300 ||| DROPPING scroll of vulnerability.
  1328 | D:3      | Noticed Grinder
  1329 | D:3      | 1329 ||| RETREEEEATING.
  1340 | D:3      | HP: 3/22 [Grinder/nerve-wracking pain (5)]
  1341 | D:3      | 1341 ||| DRINKING potion of heal wounds.
  1357 | D:3      | HP: 3/22 [Grinder (4)]
  1359 | D:3      | Paralysed by Grinder for 2 turns
  1360 | D:3      | Slain by Grinder

Levels and vault maps discovered:
D:1:      minmay_arrival_four_houses, layout_rooms,
          shapermc_ecumenical_altar_notcrosses
D:2:      minmay_razor_zed, layout_rooms, basic_altar
D:3:      layout_loops_cross, supply_closet_lemuel, uniq_grinder

Skill      XL: |  1  2  3 |
---------------+----------+-----
Dodging        | 3 4 |  4.9
Ranged Weapons | 5 |  5.0
Fighting       | |  1.5
Stealth        | |  1.5

Action                     |  1- 3 |  4- 6 || total
---------------------------+-------+-------++-------
   Fire: Shortbow          |   119 |    41 ||   160
    Use: Scroll            |     6 |     4 ||    10
         Potion            |       |     2 ||     2
 Armour: Robe              |    16 |     9 ||    25
  Dodge: Dodged            |    43 |    18 ||    61

Table legend:
 A = Non-vault XP
 B = Vault XP
 C = Vault XP percentage of total XP
 D = Non-vault monster count
 E = Vault monster count
 F = Vault count percentage of total count
                 A         B        C        D         E       F
            +---------+---------+-------+---------+---------+-------
      Total |     110 |      24 |  17.9 |      46 |      14 |  23.3
            +---------+---------+-------+---------+---------+-------
        D:1 |      47 |       0 |   0.0 |      21 |       0 |   0.0
        D:2 |      39 |      24 |  38.1 |      20 |      14 |  41.2
        D:3 |      24 |       0 |   0.0 |       5 |       0 |   0.0
            +---------+---------+-------+---------+---------+-------
